[Event "*** Titled Tuesday 3|2 Blitz"]
[Site "Chess.com"]
[Date "2015.10.06"]
[Round "4"]
[White "GMVallejo"]
[Black "Bab3s"]
[Result "1-0"]
[WhiteElo "2595"]
[BlackElo "2127"]
[TimeControl "180+2"]
[EndTime "17:47:44 PDT"]
[Termination "GMVallejo won on time"]

1. e4 e5 2. Nf3 Nc6 3. Bb5 a6 4. Ba4 Nf6 5. d3 b5 6. Bb3 Be7 7. Nc3 d6 8. a3 O-O 9. Ne2 Na5 10. Ba2 c5 11. Ng3 Nc6 12. O-O Be6 13. Bxe6 fxe6 14. c3 h6 15. Qe2 Qc7 16. Bd2 Rad8 17. b4 d5 18. Rfc1 dxe4 19. dxe4 c4 20. a4 Rd7 21. Be3 Qb7 22. axb5 axb5 23. Qa2 Ng4 24. Bd2 Rd3 25. h3 Nf6 26. Qa6 Qd7 27. Be3 Nd4 28. Nxe5 Qc7 29. Bxd4 Bxb4 30. Nxd3 cxd3 31. Qxe6+ Kh8 32. cxb4 Qf4 33.
Be3 Qh4 34. Rc8 1-0

[Event "*** Titled Tuesday 3|2 Blitz"]
[Site "Chess.com"]
[Date "2015.10.06"]
[Round "4"]
[White "jcibarra"]
[Black "Gabrinsky"]
[Result "1-0"]
[WhiteElo "2500"]
[BlackElo "2472"]
[TimeControl "180+2"]
[EndTime "17:47:55 PDT"]
[Termination "jcibarra won by resignation"]

1. e4 e6 2. d4 d5 3. Nc3 Nc6 4. Nf3 Nf6 5. e5 Ne4 6. Bd3 Bb4 7. Bd2 Nxd2 8. Qxd2 Bd7 9. a3 Ba5 10. b4 Bb6 11. Bb5 Ne7 12. a4 a6 13. Bd3 Nc6 14.
Ne2 f6 15. exf6 Qxf6 16. O-O e5 17. b5 Nxd4 18. Nexd4 exd4 19. Rfe1+ Kf8 20. Qb4+ Qd6 21. Qb2 g6 22. Nxd4 Qf6 23. c3 axb5 24. Bxb5 Bxb5 25. Qxb5 Bxd4 26. cxd4 Qc6 27. Qb4+ Qd6 28. Qxd6+ cxd6 29. Rab1 Rg8 30. Rxb7 Rg7 31. Rxg7 Kxg7 32. Ra1 Kf6 33. a5 Ke7 34. a6 Kd7 35. a7 Kc6 36. f4 Kb6 37. g4 h5 38. gxh5 gxh5 39. f5 Kb7 40. Kf2 Kc7 41. Kf3 Kb7 42. Kf4 Kc7 43. h4 Kb7 44. f6 Kc7 45. Kf5 Kb7 46. f7 1-0

[Event "*** Titled Tuesday 3|2 Blitz"]
[Site "Chess.com"]
[Date "2015.10.06"]
[Round "4"]
[White "Goala"]
[Black "josiwales"]
[Result "1-0"]
[WhiteElo "2139"]
[BlackElo "2042"]
[TimeControl "180+2"]
[EndTime "17:48:04 PDT"]
[Termination "Goala won by resignation"]

1. d4 f5 2. Nc3 Nf6 3. Bg5 e6 4. e4 fxe4 5. Nxe4 Be7 6. Bxf6 Bxf6 7. Nf3 O-O 8. Bd3 Nc6 9. c3 Kh8 10. Qc2 g6 11. h4 d5 12. Neg5 e5 13. dxe5 Nxe5 14.
Nxe5 Bxe5 15. O-O-O Bf5 16. g3 c6 17. f4 Bg7 18. h5 h6 19. hxg6 Bxd3 20. Qxd3 Qf6 21.
Nf7+ Kg8 22. Nxh6+ Bxh6 23. Rxh6 Rae8 24. Rdh1 Re6 25.
Rh8+ Qxh8 26. Rxh8+ Kxh8 27. f5 Re5 28. g4 Kg7 29. Qd4 Re8 30. Qxa7 R8e7 31. Qd4 b5 32. Kc2 b4 33. Qxb4 Re2+ 34. Kb3 R7e4 35. Qb7+ Kf6 36. Qf7+ Ke5 37. g7 c5 38. g8=Q c4+ 39. Ka3 Rxb2 1-0

[Event "*** Titled Tuesday 3|2 Blitz"]
[Site "Chess.com"]
[Date "2015.10.06"]
[Round "4"]
[White "komaromy31"]
[Black "Zvonokchess"]
[Result "0-1"]
[WhiteElo "1887"]
[BlackElo "2505"]
[TimeControl "180+2"]
[EndTime "17:48:19 PDT"]
[Termination "Zvonokchess won by resignation"]

1. d4 Nf6 2. c4 e6 3. Nc3 Bb4 4. f3 O-O 5. a3 Bxc3+ 6. bxc3 d5 7. cxd5 exd5 8. e3 c5 9. Bd3 Qa5 10. Qd2 b6 11. Ne2 Ba6 12. O-O Re8 13. Ng3 Bxd3 14.
Qxd3 Nc6 15. e4 cxd4 16. cxd4 dxe4 17. fxe4 Rad8 18. Bb2 Ne5 19. Qc3 Qxc3 20. Bxc3 Nc6 21. d5 Ne5 22. Rf5 Nfd7 23. Raf1 f6 24. Ne2 Rc8 25.
Bxe5 Nxe5 26. Nd4 Rc4 27. Ne6 Rxe4 28. R5f4 Re3 29. a4 Rd3 30. a5 Re7 31. axb6 axb6 32. Rb4 Rxd5 33. Rxb6 h6 34. Rb8+ Kf7 35. Nf4 Rd2 36. Rf2 Ng4 37. Rf1 Ne3 38. Rfb1 g5 39. Nh5 Rxg2+ 40. Kh1 Rf2 41. R8b7 Rxb7 42. Rxb7+ Kg6 43.
Ng3 Ng4 44. h3 Rh2+ 45. Kg1 Rxh3 46. Kg2 Rh2+ 47. Kf3 h5 48. Rb6 Rf2+ 49. Ke4 Rf3 50. Ne2 Re3+ 0-1

[Event "*** Titled Tuesday 3|2 Blitz"]
[Site "Chess.com"]
[Date "2015.10.06"]
[Round "4"]
[White "Andnar"]
[Black "KyronGriffith"]
[Result "0-1"]
[WhiteElo "2240"]
[BlackElo "2227"]
[TimeControl "180+2"]
[EndTime "17:48:25 PDT"]
[Termination "KyronGriffith won by checkmate"]

1. e4 e5 2. Nf3 d6 3. d4 Nd7 4. Bc4 Be7 5. Nc3 Ngf6 6. dxe5 Nxe5 7. Nxe5 dxe5 8. Qe2 c6 9. Bd2 Qc7 10. O-O-O b5 11. Bb3 a5 12. a4 b4 13. Nb1 O-O 14. f3 Ba6 15. Qf2 c5 16. Bd5 Nxd5 17. exd5 c4 18. Be3 Rab8 19. Qg3 f5 20. Bh6 Bf6 21.
Bg5 Bxg5+ 22. Qxg5 Qd7 23. Rhe1 Rbe8 24. Qe3 Qxa4 25.
Qa7 Qb5 26. d6 Rd8 27. Qe3 Rfe8 28. Qg5 Bc8 29. f4 e4 30. g4 Bd7 31. Nd2 c3 32. Nb3 cxb2+ 33. Kb1 a4 34. Nd4 Qc4 35. gxf5 a3 36.
Nb3 Ba4 37. Rd4 a2+ 38. Kxa2 Bxb3+ 39. cxb3 Ra8+ 40. Kb1 Ra1+ 41. Kxb2 Qc3# 0-1

[Event "*** Titled Tuesday 3|2 Blitz"]
[Site "Chess.com"]
[Date "2015.10.06"]
[Round "4"]
[White "ltpnj"]
[Black "NMofPuppets"]
[Result "1-0"]
[WhiteElo "2332"]
[BlackElo "2194"]
[TimeControl "180+2"]
[EndTime "17:48:46 PDT"]
[Termination "ltpnj won by resignation"]

1. e4 e5 2. Nc3 Nf6 3. g3 Bc5 4. Bg2 d6 5. Nge2 Bg4 6. d3 O-O 7. h3 Be6 8. O-O d5 9. Bg5 dxe4 10. Nxe4 Be7 11. Nxf6+ Bxf6 12. Bxf6 Qxf6 13. Bxb7 Bxh3 14. Bxa8 c6 15. Nc3 Bg4 16. f3 Bh3 17. Bb7 Qg5 18. Ne4 Qe3+ 19. Rf2 f5 20. Qd2 Qb6 21. Ng5 Qxb2 22.
Re1 f4 23. Nxh3 fxg3 24. Rff1 Qxb7 25. Rxe5 Qd7 26. Kg2 Qd4 27. Rg5 Nd7 28. Rxg3 Ne5 29. Ng5 Rf6 30. Ne4 Rf7 31. Qg5 Ng6 32. Qc5 Nf4+ 33. Kh2 Qd8 34. Qg5 Qd4 35. Rg4 Ng6 36. Qc5 Qd7 37. Qd6 Qe8 38. Rf2 Ne5 39. Rg3 Rd7 40.
Nf6+ Kf7 41. Nxe8 Rxd6 42. Nxd6+ 1-0

[Event "*** Titled Tuesday 3|2 Blitz"]
[Site "Chess.com"]
[Date "2015.10.06"]
[Round "4"]
[White "jlandaw"]
[Black "gmjlh"]
[Result "1-0"]
[WhiteElo "2385"]
[BlackElo "2607"]
[TimeControl "180+2"]
[EndTime "17:50:17 PDT"]
[Termination "jlandaw won by resignation"]

1. e4 e5 2. Nf3 Nc6 3. Bb5 Nf6 4. O-O Nxe4 5. d4 Nd6 6. Bxc6 dxc6 7. dxe5 Nf5 8.
Qxd8+ Kxd8 9. Nc3 Bd7 10. h3 h6 11. b3 Kc8 12. Bb2 b6 13. Ne2 Ne7 14. Rad1 Ng6 15.
Rfe1 c5 16. Ng3 a5 17. Nh5 Be6 18. Re4 a4 19. Rxa4 Rxa4 20. bxa4 Rh7 21. a3 Be7 22. Bc3 Kb7 23. Rb1 Ka6 24. Nd2 Nf8 25. g4 g6 26. Nf4 Bd7 27. a5 b5 28. Nd5 Bd8 29. Ne4 Bc6 30. Nxc5+ Ka7 31. Nb4 Bf3 32. Bd4 Be7 33.
Rb3 Ba8 34. Nd7+ Kb7 35. a6+ Kc8 36. Nf6 Bxf6 37. exf6 h5 38. g5 Ne6 39. Be3 Rh8 40. Nd3 Rd8 41. Rxb5 Rd5 42. a4 Bc6 43. a7 Bb7 44. Rxd5 Bxd5 45. Ne5 Nd8 46. a5 Kb7 47. Kf1 Ka6 48. c4 Ba8 49. Bc5 Ne6 50. Be3 Nd8 51.
h4 Kxa5 52. Bc5 Ka6 53. Be7 Ne6 54. Nxf7 Nf4 55. Ne5 Bg2+ 56. Ke1 Kxa7 57. f7 Ne6 58. Nxg6 Be4 59. f8=Q Nxf8 60. Nxf8 Bf5 61. Kd2 Bd3 62. Kxd3 1-0

[Event "*** Titled Tuesday 3|2 Blitz"]
[Site "Chess.com"]
[Date "2015.10.06"]
[Round "4"]
[White "facu57"]
[Black "IMRosen"]
[Result "1-0"]
[WhiteElo "2515"]
[BlackElo "2262"]
[TimeControl "180+2"]
[EndTime "17:50:18 PDT"]
[Termination "facu57 won by resignation"]

1. d4 d5 2. c4 e6 3. Nc3 Nf6 4. Bg5 Be7 5. e3 O-O 6. Nf3 a6 7. cxd5 exd5 8. Bd3 Nbd7 9. Ne5 Nxe5 10. dxe5 Nd7 11.
Bf4 c6 12. O-O Re8 13. a3 f6 14. Qh5 Nf8 15. Rad1 fxe5 16. Bxe5 g6 17. Qh6 Bf6 18.
Bxf6 Qxf6 19. Rfe1 Be6 20. e4 d4 21. e5 Qg7 22. Qxg7+ Kxg7 23. Ne4 Red8 24. Nc5 b6 25. Ne4 c5 26. Nd6 Nd7 27. Be4 Ra7 28. f4 Rf8 29. g3 Rc7 30. b4 a5 31. Nb5 Rcc8 32. Nd6 Rc7 33. bxa5 bxa5 34. Rc1 Rb8 35. Red1 Ra7 36.
a4 Rb4 37. Nb5 Ra6 38. Nc7 Rab6 39. Nxe6+ Rxe6 40. Bd5 Re7 41. Bc6 Kf7 42. Rd3 Ke6 43.
Rc2 h6 44. Kg2 Rf7 45. h4 Re7 46. Kf3 Rf7 47. Ke4 g5 48. Bd5+ Ke7 49. Bxf7 Kxf7 50.
hxg5 hxg5 51. f5 Ke7 52. Rh2 Rb1 53. Rh7+ Kd8 54. Kd5 Re1 55. Kd6 Rxe5 56. Rxd7+ Kc8 57. Rc7+ Kd8 58. Kxe5 Kxc7 59. Kd5 c4 60. Kxc4 1-0

[Event "*** Titled Tuesday 3|2 Blitz"]
[Site "Chess.com"]
[Date "2015.10.06"]
[Round "4"]
[White "StellarChessPro"]
[Black "Makalexa"]
[Result "1-0"]
[WhiteElo "2244"]
[BlackElo "2024"]
[TimeControl "180+2"]
[EndTime "17:50:20 PDT"]
[Termination "StellarChessPro won by checkmate"]

1. d4 Nf6 2. Bg5 g6 3. Bxf6 exf6 4. e3 f5 5. Ne2 Bg7 6. h4 d5 7. Nf4 c5 8. c3 Be6 9. h5 g5 10.
h6 Bf6 11. Nh5 c4 12. Nd2 Nc6 13. b3 b5 14. a4 b4 15. bxc4 bxc3 16. Nb1 dxc4 17.
Nxc3 Nb4 18. Rb1 Nd5 19. Nxd5 Bxd5 20. Qd2 O-O 21. Rb5 Be7 22. Be2 a6 23. Rb1 Bxg2 24.
Rg1 Qd5 25. Rc1 Rac8 26. e4 Qxe4 27. Ng3 c3 28. Qd3 Qxd3 29. Bxd3 Bd5 30. Nxf5 Rfe8 31. Kf1 Be6 32. Nxe7+ Rxe7 33. Rxg5+ Kf8 34. Rg7 f6 35. Rxh7 Rxh7 36. Bxh7 f5 37. d5 Bd7 38. Ke2 c2 39.
Ke3 Bxa4 40. Kf4 Rd8 41. Ke5 Bb3 42. d6 Re8+ 43. Kf4 Re2 44. Bxf5 Rxf2+ 45. Ke5 Rd2 46. h7 Kg7 47. Rg1+ Kh8 48. d7 Rd1 49. Bxc2 Rxd7 50. Bxb3 Kxh7 51. Be6 Rg7 52. Rh1+ Kg6 53. Rf1 Kg5 54.
Rg1+ Kh6 55. Ra1 Rc7 56. Kf6 Rc5 57. Rg1 Rh5 58. Rg6+ Kh7 59. Rg7+ Kh8 60. Ra7 a5 61.
Kg6 Rg5+ 62. Kxg5 a4 63. Kg6 a3 64. Rh7# 1-0

[Event "*** Titled Tuesday 3|2 Blitz"]
[Site "Chess.com"]
[Date "2015.10.06"]
[Round "4"]
[White "UltimateCrusher2"]
[Black "Penguininja"]
[Result "0-1"]
[WhiteElo "2015"]
[BlackElo "2158"]
[TimeControl "180+2"]
[EndTime "17:50:28 PDT"]
[Termination "Penguininja won by checkmate"]

1. e4 e5 2. Nf3 Nc6 3. Bc4 Bc5 4. O-O Nf6 5. Re1 d6 6. h3 O-O 7. c3 a6 8. d3 h6 9. Be3 Bxe3 10. Rxe3 Na5 11.
Nbd2 Nxc4 12. Nxc4 Be6 13. Re1 Bxc4 14. dxc4 Qe7 15. Qd3 Nd7 16. Rad1 Nc5 17. Qc2 Qe6 18. b3 a5 19. Rd5 Nd7 20. Red1 Nf6 21. R5d2 b6 22.
a4 Nh5 23. Nh4 Nf4 24. Nf5 Kh8 25. Kh2 Ng6 26. g3 Rfe8 27. Qd3 Nf8 28. Qd5 Qd7 29. Qd3 Ne6 30. Ne3 Nc5 31. Qc2 Ne6 32. Nf5 Ng5 33. Qd3 g6 34. h4 Nxe4 35. Qxe4 Qxf5 36. Qxf5 gxf5 37. Re2 Kg7 38. Rde1 Kf6 39. f4 e4 40. Rd1 h5 41. Kg2 Rg8 42. Kf2 Rg7 43. Rd5 Rag8 44. Re3 Ke6 45. Rd4 f6 46. Rd2 Rg4 47. Rd5 Rd8 48. Re2 Rg7 49. Re3 Rdd7 50. Re2 Rg6 51. Re3 Rg8 52. Re2 Rdg7 53. Re3 Rg6 54. Rd2 Rd8 55.
Rd5 c6 56. Rd4 Rg7 57. Re2 Rdg8 58. Re3 d5 59. cxd5+ cxd5 60. c4 Rd7 61. Re2 dxc4 62. Rxc4 Rd3 63. Rc6+ Ke7 64. Rc7+ Kd6 65. Rf7 Ke6 66.
Rb7 Rgxg3 67. Rxb6+ Ke7 68. Rc2 Rdf3+ 69. Ke2 Rg2+ 70.
Kd1 Rf1# 0-1

[Event "*** Titled Tuesday 3|2 Blitz"]
[Site "Chess.com"]
[Date "2015.10.06"]
[Round "4"]
[White "chess960now"]
[Black "ChessFrois"]
[Result "1/2-1/2"]
[WhiteElo "1958"]
[BlackElo "1815"]
[TimeControl "180+2"]
[EndTime "17:50:51 PDT"]
[Termination "Game drawn - insufficient material"]

1. e4 c5 2. c3 e6 3. d4 d5 4.
e5 Nc6 5. Nf3 Qb6 6. Be2 Bd7 7.
O-O Nge7 8. dxc5 Qxc5 9. Be3 Qa5 10. Nbd2 Nf5 11. Bf4 Be7 12. Nb3 Qb6 13. Qd2 h5 14. Bg5 O-O-O 15. Bxe7 Nfxe7 16. Nbd4 f6 17. Qe3 fxe5 18.
Nxe5 Nxe5 19. Qxe5 Nc6 20. Nxc6 Qxc6 21. c4 Qc7 22.
Qxc7+ Kxc7 23. cxd5 exd5 24. Rfd1 Bc6 25. Rd4 g6 26.
Rad1 Rhe8 27. Bf3 Kb6 28. h3 Kc5 29. b4+ Kb5 30. a3 Re5 31. R1d2 Kb6 32. Kh2 a5 33. bxa5+ Kxa5 34. Kg3 b6 35. Bd1 Rd6 36. h4 Rf6 37. f4 Re4 38. Bf3 Rxd4 39. Rxd4 Rf5 40. Kf2 Kb5 41.
Ke3 Kc5 42. g4 hxg4 43. Bxg4 Rf6 44. Rd3 Rf8 45. Rc3+ Kd6 46. Bh3 Re8+ 47. Kd3 Bb5+ 48.
Kd2 d4 49. Rg3 Re2+ 50. Kd1 Ra2 51. Rxg6+ Kc5 52. Rg5+ Kc6 53. Bd7+ Kxd7 54. Rxb5 Rxa3 55. Rxb6 Rf3 56. Rf6 Rh3 57. Kd2 Rxh4 58. Kd3 Ke7 59. Rf5 Rh1 60. Kxd4 Ke6 61. Re5+ Kf6 62. Ke4 Re1+ 63.
Kd5 Rd1+ 64. Kc6 Rd2 65. Kc7 Rd3 66. Kc6 Rd2 67. Re4 Rd3 68. Rc4 Kf5 69. Kc5 Rf3 70. Rd4 Rxf4 71. Rxf4+ Kxf4 1/2-1/2

[Event "*** Titled Tuesday 3|2 Blitz"]
[Site "Chess.com"]
[Date "2015.10.06"]
[Round "4"]
[White "IM_Michal_Luch"]
[Black "lorcho"]
[Result "1/2-1/2"]
[WhiteElo "2366"]
[BlackElo "2605"]
[TimeControl "180+2"]
[EndTime "17:50:58 PDT"]
[Termination "Game drawn by stalemate"]

1. d4 e6 2. c4 d5 3. Nc3 c5 4. cxd5 exd5 5. Nf3 Nc6 6. g3 Nf6 7. Bg2 Be7 8. O-O O-O 9. dxc5 Bxc5 10. Bg5 d4 11. Bxf6 Qxf6 12. Nd5 Qd8 13. Nd2 Bh3 14. Bxh3 Qxd5 15. Bg2 Qe6 16. Rc1 Bb6 17. Nc4 Rfe8 18. Bf3 Rad8 19. Qb3 Ne5 20. Nxe5 Qxe5 21. Qd3 Re7 22. Rc2 h5 23. h4 g6 24. Rfc1 Kg7 25.
Rc8 Rxc8 26. Rxc8 Qe6 27. Qc4 Qd6 28. Qd3 Qe6 29. Qc4 Qe5 30. Qd3 Qa5 31. a3 Qe5 32. Kg2 Rc7 33. Rxc7 Qxc7 34. Qe4 Qc5 35. Qd5 Qc1 36. Qxb7 d3 37. Bd5 Bc7 38. exd3 Qc5 39.
Bc4 a5 40. b4 axb4 41. axb4 Qe7 42. b5 Qc5 43. Qd5 Qe7 44. Qc6 Qd8 45. Qd5 Qe7 46. Qe4 Qd8 47. d4 Bb6 48. d5 Qf6 49. Qf3 Qd6 50. Qd3 Kh7 51. Qf3 Kg7 52. Be2 Qc5 53.
Qe4 Qxf2+ 54. Kh3 Bc7 55. Qf3 Qd4 56. Bd3 f5 57. Be2 f4 58. gxf4 Bxf4 59. Bd3 Bd6 60. Qe4 Qf6 61. Qxg6+ Qxg6 62. Bxg6 Kxg6 63. b6 Kf5 64. b7 Ke5 65. Kg2 Kxd5 66. b8=Q Bxb8 67. Kh1 Ke4 68. Kg2 Be5 69. Kh1 Kf3 70. Kg1 Bd4+ 71. Kh1 Be3 72. Kh2 Kf2 73. Kh1 Kf1 74. Kh2 Bf2 75.
Kh1 Bxh4 76. Kh2 Bg5 77. Kh1 Kf2 78. Kh2 Kf3 79. Kh1 Kg3 80. Kg1 Kh3 81. Kh1 Bf4 82. Kg1 Bh2+ 83. Kh1 h4 1/2-1/2

[Event "*** Titled Tuesday 3|2 Blitz"]
[Site "Chess.com"]
[Date "2015.10.06"]
[Round "4"]
[White "AlexanderL"]
[Black "Iball95"]
[Result "1-0"]
[WhiteElo "2537"]
[BlackElo "2342"]
[TimeControl "180+2"]
[EndTime "17:50:58 PDT"]
[Termination "AlexanderL won by checkmate"]

1. d4 Nf6 2. Nc3 d5 3. Bf4 Bf5 4. f3 e6 5. g4 Bg6 6. h4 h5 7.
g5 Ng8 8. e4 Bd6 9. Nh3 Ne7 10. Qd2 c6 11. O-O-O Bxf4 12. Nxf4 Nd7 13. Bd3 dxe4 14. fxe4 e5 15. Nxg6 Nxg6 16. Ne2 Qb6 17. Bc4 exd4 18. Nxd4 Nde5 19. Qc3 O-O-O 20. Nf5 Qc7 21.
Bb3 f6 22. Nd4 Qe7 23. Nf5 Qc7 24. Qc5 b6 25. Qc3 Kb8 26. gxf6 gxf6 27. Nd4 Qe7 28. Nxc6+ Nxc6 29. Qxc6 Ne5 30. Qe6 Qxe6 31. Bxe6 Kc7 32. Rxd8 Rxd8 33. Bd5 Rd7 34. Rf1 Ng4 35. Rf5 Rh7 36.
Kd2 Kd6 37. Ke2 Rh6 38. Bf7 Ne5 39. Bxh5 Nc6 40. Rd5+ Kc7 41. Bg4 Rxh4 42. Rd7+ Kb8 43. Bf5 Ne5 44. Rd8+ Kc7 45. Rc8+ Kb7 46. b3 Rh2+ 47.
Ke3 Rh1 48. Rf8 Re1+ 49. Kd2 Nf3+ 50. Kd3 Ne5+ 51. Kc3 Re3+ 52. Kd2 Rf3 53. Rxf6 Rf2+ 54. Kc3 Rf3+ 55. Kb2 Rf2 56. Bc8+ Kxc8 57. Rxf2 Kd7 58. Kc3 Nc6 59. Rf7+ Ke8 60. Rc7 Ne5 61. Rxa7 Nc6 62. Rb7 Nd8 63. Rb8 Kd7 64. Rxd8+ Kxd8 65. Kc4 Kc7 66. Kb5 Kd6 67. c4 Kc7 68. b4 Kb7 69. a4 Ka7 70. e5 Kb7 71. e6 Kc7 72. e7 Kd7 73. e8=Q+ Kxe8 74. Kxb6 Kd8 75. b5 Kc8 76. c5 Kb8 77. a5 Ka8 78. a6 Kb8 79. c6 Ka8 80. Kc5 Kb8 81. b6 Ka8 82. Kd6 Kb8 83.
c7+ Kc8 84. b7# 1-0

[Event "*** Titled Tuesday 3|2 Blitz"]
[Site "Chess.com"]
[Date "2015.10.06"]
[Round "4"]
[White "Noukii"]
[Black "Boryboy"]
[Result "0-1"]
[WhiteElo "2540"]
[BlackElo "2461"]
[TimeControl "180+2"]
[EndTime "17:51:32 PDT"]
[Termination "Boryboy won by resignation"]

1. d4 e6 2. Nf3 Nf6 3. Bg5 d5 4. e3 Nbd7 5. c3 Bd6 6. Nbd2 c6 7. Bd3 e5 8. e4 exd4 9. Nxd4 O-O 10. O-O Nc5 11.
Bc2 Ncxe4 12. Nxe4 dxe4 13. Bxe4 h6 14. Bxf6 Qxf6 15.
Qf3 Qxf3 16. Bxf3 a6 17. Rad1 Rd8 18. Rfe1 Bf8 19. a4 Rb8 20. a5 Bd7 21. Nc2 Bf5 22.
Ne3 Be6 23. Rxd8 Rxd8 24. Rd1 Be7 25. Kf1 Bb3 26. Rxd8+ Bxd8 27. Bg4 b6 28. Bd7 c5 29. axb6 Bxb6 30. Ke1 Kf8 31. Bc8 a5 32.
Ba6 Bc7 33. Bc4 Ba4 34. g3 Bc6 35. Bd5 Bb5 36. Bc4 Bc6 37. Ke2 g6 38. h4 Ke7 39.
Bd5 Bb5+ 40. Bc4 Bc6 41. h5 gxh5 42. Nf5+ Kf6 43. Nxh6 Be8 44. Ng8+ Ke5 45. Nh6 Kf6 46. Ng8+ Ke5 47. Ke3 a4 48. f4+ Kf5 49. Bd5 h4 50. gxh4 Bxf4+ 51. Kf3 Bc1 52. Be4+ Ke5 53. h5 Bxb2 54. h6 Bxc3 55. h7 Kd6 56. Nh6 Bh8 57. Nf5+ Ke5 58. Bb1 a3 59. Ne3 Bc6+ 60. Ke2 Bb5+ 61.
Kd2 Bd7 62. Ba2 f5 63. Kd3 Bb5+ 64. Kd2 f4 65. Ng4+ Kf5 66. Nh6+ Kg6 67. Nf7 Kxh7 68. Nd6 Ba6 69. Bb1+ Kg7 70. Ne4 Bc4 71. Nxc5 a2 72.
Bxa2 Bxa2 73. Nd3 f3 74. Ke3 Bd5 75. Ne5 Kf6 76. Nxf3 Bg7 77. Nd2 Ke5 78. Kd3 Bh6 79. Nc4+ Ke6 80. Ne3 Bc6 81. Kd4 Bg7+ 82. Kd3 Ke5 83.
Nc4+ Kf4 84. Nd2 Bb5+ 85. Kc2 Ke3 86. Nb3 Ba4 0-1

[Event "*** Titled Tuesday 3|2 Blitz"]
[Site "Chess.com"]
[Date "2015.10.06"]
[Round "4"]
[White "Jahonas"]
[Black "ilmago"]
[Result "1-0"]
[WhiteElo "2058"]
[BlackElo "1879"]
[TimeControl "180+2"]
[EndTime "17:53:58 PDT"]
[Termination "Jahonas won by resignation"]

1. d4 Nf6 2. Nf3 g6 3. c4 Bg7 4. Nc3 O-O 5. e4 d6 6. Be2 e5 7. dxe5 dxe5 8. Qxd8 Rxd8 9. Bg5 Re8 10. Bxf6 Bxf6 11. Nd5 Bd8 12. O-O-O c6 13. Ne3 Nd7 14. h4 Nc5 15. Nd2 h5 16. g4 hxg4 17. h5 Kg7 18. hxg6 fxg6 19. Rdg1 Bg5 20. b4 Bxe3 21. fxe3 Na4 22.
Bxg4 Bxg4 23. Rxg4 Rh8 24. Rhg1 Rh6 25. Kc2 Rf8 26. R1g2 Nb6 27. R4g3 Rf6 28. c5 Nd7 29. Nc4 Rh4 30. Kd3 b6 31. cxb6 axb6 32. a4 b5 33.
axb5 cxb5 34. Nd2 Rd6+ 35. Ke2 Nb6 36. Rg5 Re6 37. Kd3 Rh1 38. Nf3 Nc4 39. Rg1 Rh3 40. Ke2 Rd6 41. Ra1 Kf6 42. Rg2 Nb2 43.
Rf2 Kg7 44. Ra7+ Kh6 45. Nxe5 Re6 46. Nf7+ Kh5 47. e5 Nc4 48. Rf3 Rxf3 49. Kxf3 Nxe5+ 50. Nxe5 Rxe5 51. Rb7 g5 52. e4 Kg6 53. Rb6+ Kh5 54.
Rc6 g4+ 55. Kf4 Rg5 56. Rc5 Rxc5 57. bxc5 g3 58. Kxg3 b4 59. c6 b3 60. c7 b2 61.
c8=Q b1=Q 62. Qf5+ Kh6 63. Kf4 Qc1+ 64. Ke5 Qb2+ 65.
Ke6 Qb6+ 66. Kf7 Qc7+ 67. Kf6 Qd8+ 68. Ke6 Qe8+ 69. Kd5 Qb5+ 70. Kd6 Qb6+ 71. Ke7 Qc7+ 72. Kf6 Qd8+ 73. Ke5 Qa5+ 74. Kf4 Qd2+ 75. Kg4 Qg2+ 76.
Kf4 Qf2+ 77. Ke5 Qc5+ 78. Ke6 Qc8+ 79. Kd6 Qb8+ 80. Kd5 Qd8+ 81. Kc4 Qc7+ 82. Qc5 Qf7+ 83. Kd4 Qf2+ 84. Kd5 Qf7+ 85. Kd4 Qf2+ 86. Kc4 Qc2+ 87. Kd5 Qa2+ 88. Kd6 Qh2+ 89. Qe5 Qd2+ 90. Ke6 Qa2+ 91. Qd5 Qa6+ 92. Qd6 Qe2 93. Kd7+ Kg5 94. e5 Qb5+ 95.
Ke7 Qb7+ 96. Qd7 Qb4+ 97. Kf7 Qc4+ 98. e6 Qf4+ 99. Ke8 Qe5 100. Qe7+ Kf4 101. Qf7+ Ke4 102. Qb7+ Kf5 103. e7 Qh8+ 104. Kd7 Qd4+ 105. Kc8 Qh8+ 106. Kc7 Qe5+ 107. Kd8 Qa5+ 108. Qc7 Qa8+ 109. Qc8+ 1-0

[Event "*** Titled Tuesday 3|2 Blitz"]
[Site "Chess.com"]
[Date "2015.10.06"]
[Round "5"]
[White "190l"]
[Black "Andnar"]
[Result "0-1"]
[WhiteElo "1991"]
[BlackElo "2243"]
[TimeControl "180+2"]
[EndTime "17:56:20 PDT"]
[Termination "Andnar won by resignation"]

1. c4 Nf6 2. Nc3 g6 3. g3 Bg7 4. Bg2 O-O 5. Nf3 d6 6. O-O e5 7.
d3 Nc6 8. Rb1 a5 9. a3 Nh5 10.
Bd2 f5 11. b4 f4 12. b5 Ne7 13. Qb3 Kh8 14. e3 Bg4 15. exf4 exf4 16. Rfe1 Nf5 17. Nd5 fxg3 18. hxg3 Bxf3 19. Bxf3 Nd4 0-1

[Event "*** Titled Tuesday 3|2 Blitz"]
[Site "Chess.com"]
[Date "2015.10.06"]
[Round "5"]
[White "Gabrinsky"]
[Black "3f32"]
[Result "1-0"]
[WhiteElo "2476"]
[BlackElo "2275"]
[TimeControl "180+2"]
[EndTime "17:57:13 PDT"]
[Termination "Gabrinsky won by resignation"]

1. e4 e5 2. Nf3 Nc6 3. d4 exd4 4.
Bc4 Bc5 5. c3 Nf6 6. cxd4 Bb4+ 7.
Bd2 Bxd2+ 8. Nbxd2 d5 9. exd5 Nxd5 10. O-O O-O 11. Rc1 Bg4 12. h3 Bh5 13. Bxd5 Qxd5 14.
Qa4 Qd7 15. Rc5 Bg6 16. d5 Qe7 17. Rfc1 Ne5 18. Rxc7 Nxf3+ 19. Nxf3 Qe2 20. Rxb7 Be4 21. Re1 Qd3 22. Qxe4 1-0

[Event "*** Titled Tuesday 3|2 Blitz"]
[Site "Chess.com"]
[Date "2015.10.06"]
[Round "5"]
[White "ltpnj"]
[Black "Noukii"]
[Result "0-1"]
[WhiteElo "2328"]
[BlackElo "2544"]
[TimeControl "180+2"]
[EndTime "17:58:33 PDT"]
[Termination "Noukii won by resignation"]

1. e4 Nf6 2. Nc3 e5 3. g3 c6 4.
d4 Bb4 5. Bg2 d5 6. exd5 Nxd5 7.
Ne2 exd4 8. Qxd4 Bxc3+ 9. Nxc3 Qe7+ 10. Ne4 f5 11. Bg5 Qe6 12. Qxg7 Rg8 13. Qc7 Nxc7 0-1

[Event "*** Titled Tuesday 3|2 Blitz"]
[Site "Chess.com"]
[Date "2015.10.06"]
[Round "5"]
[White "Assasin14"]
[Black "gmjlh"]
[Result "0-1"]
[WhiteElo "1749"]
[BlackElo "2607"]
[TimeControl "180+2"]
[EndTime "17:59:08 PDT"]
[Termination "gmjlh won by resignation"]

1. e4 c6 2. d4 d5 3. Nd2 dxe4 4. Nxe4 Bf5 5. Ng3 Bg6 6. h4 h6 7. Nf3 e6 8. Ne5 Bh7 9. Bc4 Nd7 10. O-O Nxe5 11. dxe5 Qxd1 12. Rxd1 Bxc2 13. Rd2 Bh7 14. a3 Ne7 15. b4 Nd5 16. Bb2 O-O-O 17. Rad1 Be7 18. b5 Bxh4 19. bxc6 bxc6 20. Bd4 Nb6 21. Ba6+ Kc7 22. Bxb6+ axb6 23. Rd6 Be7 24. Rxd8 Rxd8 25. Rc1 Bxa3 26. Rc3 Bb2 27. Re3 Rd1+ 28. Kh2 Bd4 29.
Re2 b5 30. Nh5 Ra1 31. Nxg7 Rxa6 32. Ne8+ Kb6 33. Nf6 Bd3 34. Nd7+ Kc7 35. Rd2 Kxd7 36. Rxd3 c5 37. f4 b4 38. g4 Ra2+ 39. Kg3 Ra3 40.
Rxa3 bxa3 41. f5 a2 42. Kf3 a1=Q 43. fxe6+ Kxe6 44. Ke4 0-1

[Event "*** Titled Tuesday 3|2 Blitz"]
[Site "Chess.com"]
[Date "2015.10.06"]
[Round "5"]
[White "Makalexa"]
[Black "Po6Don"]
[Result "0-1"]
[WhiteElo "1987"]
[BlackElo "2058"]
[TimeControl "180+2"]
[EndTime "17:59:09 PDT"]
[Termination "Po6Don won by resignation"]

1. e4 e5 2. Nf3 Nc6 3. Bb5 f5 4. Nc3 fxe4 5. Nxe4 Nf6 6. Nxf6+ Qxf6 7. Qe2 Be7 8. O-O Nd4 9. Nxd4 exd4 10. c3 c6 11. Ba4 d5 12. Re1 O-O 13. cxd4 Bd6 14. d3 Bg4 15.
Qc2 Qh4 16. h3 Bxh3 17. gxh3 Qxh3 18. f4 Qg3+ 19. Kf1 Bxf4 20. Bxf4 Rxf4+ 21. Ke2 Re8+ 22. Kd2 Rf2+ 23. Kc3 Rxc2+ 24. Bxc2 Rxe1 0-1

[Event "*** Titled Tuesday 3|2 Blitz"]
[Site "Chess.com"]
[Date "2015.10.06"]
[Round "5"]
[White "dsanchez1973"]
[Black "HansCoolNiemann"]
[Result "0-1"]
[WhiteElo "1958"]
[BlackElo "2109"]
[TimeControl "180+2"]
[EndTime "18:00:10 PDT"]
[Termination "HansCoolNiemann won by resignation"]

1. e4 e6 2. d4 d5 3. Nc3 Nf6 4. e5 Nfd7 5. f4 c5 6. Nf3 Nc6 7. Be3 cxd4 8. Nxd4 Bc5 9. Qd2 O-O 10. O-O-O a6 11.
h4 Bxd4 12. Bxd4 b5 13. h5 b4 14. Ne2 a5 15. Kb1 Ba6 16. Nc1 Bxf1 17. Rdxf1 Qe7 18.
g4 a4 19. g5 Rfb8 20. Rf3 Nxd4 21. Qxd4 Qc5 22. Rd1 Ra5 23. h6 g6 24. Qd2 Rc8 25. Nd3 Qb6 26. Nxb4 Nc5 27. Rc3 Qxb4 28. a3 Qb8 29. Rf3 Rb5 30. b4 axb3 31. c4 dxc4 32. Rc3 Ne4 0-1

[Event "*** Titled Tuesday 3|2 Blitz"]
[Site "Chess.com"]
[Date "2015.10.06"]
[Round "5"]
[White "ilmago"]
[Black "ChessFrois"]
[Result "0-1"]
[WhiteElo "1867"]
[BlackElo "1824"]
[TimeControl "180+2"]
[EndTime "18:00:22 PDT"]
[Termination "ChessFrois won by checkmate"]

1. e4 c5 2. Nf3 d6 3. d4 cxd4 4.
Nxd4 Nf6 5. Nc3 a6 6. f3 e6 7.
Be3 b5 8. Qd2 Nbd7 9. O-O-O Bb7 10. g4 Nb6 11. g5 Nfd7 12. h4 Ne5 13. Bh3 Be7 14. Bxe6 fxe6 15. Nxe6 Qd7 16. Nxg7+ Kf7 17. Nf5 Nbc4 18. Nh6+ Kg7 19. Qd4 Nxe3 20. Qxe3 Qe6 21. f4 Nc4 22. Qd4+ Bf6 23. gxf6+ Kxh6 24. f5 Qe5 25.
Qxe5 dxe5 26. Rd7 Bc6 27. Rc7 Rac8 28. Re7 Rhf8 29. f7 b4 30. Nd5 Bxd5 31. exd5 Ne3 32. Rxe5 Nxc2 33. Kd2 Nd4 34. Kd3 Nb5 35. Re7 Rcd8 36.
Ke4 Nd6+ 37. Ke5 Nxf7+ 38. Ke6 Rd6# 0-1